 Seeded DCSS version 0.30-a0-702-gdf48620a09 (webtiles) character file.

Game seed: 16626772761147682701 (custom seed)

104 hikkokomori the Firebug (level 4, -2/32 HPs)
             Began as a Gnoll Fire Elementalist on Jan 22, 2023.
             Killed by divine providence
             ... invoked by an orc priest
              (10 damage)
             ... on level 3 of the Dungeon.
             The game lasted 00:03:04 (2127 turns).

hikkokomori the Firebug (Gnoll Fire Elementalist)   Turns: 2127, Time: 00:03:05

Health: -2/32      AC:  8    Str: 12    XL:     4   Next: 80%
Magic:  11/11      EV: 12    Int: 17    God:
Gold:   79         SH:  5    Dex: 16    Spells: 12/13 levels left

rFire   . . .      SeeInvis .    c - +7 lajatang "Dragon's Tongue" {freeze, rElec rC- Will++ Int+2}
rCold   x . .      Faith    .    (shield currently unavailable)
rNeg    . . .      Spirit   .    f - +0 ring mail
rPois   .          Reflect  +    (no helmet)
rElec   +          Harm     .    (no cloak)
rCorr   .          Rampage  .    k - +2 pair of gloves
Will    ++...                    (no boots)
Stlth   ++                       l - amulet "Jegomaun" {Reflect Str+3 Dex+4 SH+5}
HPRegen 0.25/turn                (no ring)
MPRegen 0.12/turn                (no ring)

@: no status effects
A: fangs 1, strong nose, distributed training
a: no special abilities


You were on level 3 of the Dungeon.
You visited 1 branch of the dungeon, and saw 3 of its levels.

You collected 79 gold pieces.

Inventory:

Hand Weapons
 c - the +7 lajatang "Dragon's Tongue" (weapon) {freeze, rElec rC- Will++ Int+2}
   (You acquired it on level 2 of the Dungeon)

   Int:       It affects your intelligence (+2).
   rC:        It makes you vulnerable to cold.
   rElec:     It insulates you from electricity.
   Will:      It greatly increases your willpower.
 e - a +0 trident
Armour
 a - a +0 robe
 f - a +0 ring mail (worn)
 k - a +2 pair of gloves (worn)
Jewellery
 i - an amulet of regeneration
 l - the amulet "Jegomaun" (around neck) {Reflect Str+3 Dex+4 SH+5}
   (You acquired it on level 3 of the Dungeon)

   [amulet of reflection]

   It reflects blocked missile attacks.
   Str:       It affects your strength (+3).
   Dex:       It affects your dexterity (+4).
   SH:        It affects your SH (+5).
Wands
 h - a wand of flame (27)
Scrolls
 g - 2 scrolls of amnesia
 j - a scroll of silence
Potions
 b - a potion of magic
 d - a potion of mutation
 m - 2 potions of cancellation {unknown}


   Skills:
 + Level 1.3 Fighting
 + Level 1.3 Short Blades
 + Level 1.3 Long Blades
 + Level 1.3 Axes
 + Level 1.3 Maces & Flails
 + Level 1.3 Polearms
 + Level 1.3 Staves
 + Level 1.3 Ranged Weapons
 + Level 1.3 Throwing
 + Level 1.3 Armour
 + Level 4.7 Dodging
 + Level 4.3 Stealth
 + Level 1.3 Shields
 + Level 1.3 Unarmed Combat
 + Level 5.1 Spellcasting
 + Level 2.3 Conjurations
 + Level 1.0 Hexes
 + Level 1.0 Summonings
 + Level 1.0 Necromancy
 + Level 1.0 Translocations
 + Level 1.0 Transmutations
 + Level 5.5 Fire Magic
 + Level 1.0 Ice Magic
 + Level 1.0 Air Magic
 + Level 1.0 Earth Magic
 + Level 1.0 Poison Magic
 + Level 1.4 Invocations
 + Level 1.3 Evocations


You had 12 spell levels left.
You knew the following spells:

 Your Spells              Type           Power      Damage    Failure   Level
a - Foxfire               Conj/Fire      68%        2x1d7     6%          1

Your spell library contained the following spells:

 Spells                   Type           Power      Damage    Failure   Level
 Scorch                   Fire           46%        2d7       4%          2
 Slow                     Hex            32%        N/A       21%         1
 Inner Flame              Hex/Fire       15%        N/A       24%         3
 Sublimation of Blood     Necr           8%         N/A       30%         2
 Kindle Blastsparks       Fire/Tloc/Air  26%        2d12      32%         3
 Confusing Touch          Hex            8%         N/A       52%         3
 Vampiric Draining        Necr           8%         2d6       52%         3
 Flame Wave               Conj/Fire      17%        2d7       52%         4
 Petrify                  Tmut/Erth      8%         N/A       89%         4
 Irradiate                Conj/Tmut      5%         3d13      99%         5


Dungeon Overview and Level Annotations

Branches:
Dungeon (3/15)

Altars:
Dithmenos

Shops:
D:1 ?=?=


Innate Abilities, Weirdness & Mutations

You have very sharp teeth.
Your uncanny sense of smell can sniff out nearby items.
Your experience applies equally to all skills.


Message History

You closely miss the orc priest.
The orc priest hits you but does no damage.
The adder barely misses you. The worm bites you.
The orc priest barely misses you. The orc hits you with a +0 whip.
The adder misses you. The orc closely misses you.
You are too injured to fight recklessly!
You are too injured to fight recklessly!
You are too injured to fight recklessly!
You are too injured to fight recklessly!
You are too injured to fight recklessly!
You are too injured to fight recklessly!
You are too injured to fight recklessly!
You are too injured to fight recklessly!
You are too injured to fight recklessly!
You are too injured to fight recklessly!
You are too injured to fight recklessly!
You are too injured to fight recklessly!
You are too injured to fight recklessly!
You are too injured to fight recklessly!
You are too injured to fight recklessly!
You are too injured to fight recklessly!
You are too injured to fight recklessly!
You are too injured to fight recklessly!
You are too injured to fight recklessly!
The adder attacks as you move away! The adder bites you but does no damage.
You block the orc's attack.
Things that are here:
a +0 dagger; a +0 robe You slash the orc priest!
You freeze the orc priest.
The orc priest is severely wounded.
The adder barely misses you.
The orc priest hits you with a +0 morningstar.
The orc barely misses you. The adder bites you but does no damage.
You hit the orc priest. You freeze the orc priest.
The orc priest is almost dead.
The adder closely misses you. The orc hits you with a +0 whip.
* * * LOW HITPOINT WARNING * * *
The orc priest mumbles some strange prayers to Beogh against you.
Beogh smites you!
You die...

# ##.'....>..#
# ###.......# #
#.......# #
#.......# #
#.......# #
###'#####
####'#########
#.............
#...o@S.......
#...ooow......
#..(..w.......
#.............
#.............
#.............
#.............
.'.............
##.............


You could see 2 worms, an orc priest, an adder and 3 orcs.

Vanquished Creatures
  Jessica (D:3)
  2 adders (D:2)
  3 worms (D:2)
  3 orcs (D:3)
  3 ball pythons
  An endoplasm (D:1)
  A giant cockroach (D:1)
  7 goblins
  3 hobgoblins
  2 quokkas
  7 bats
  3 frilled lizards
  7 kobolds
  8 rats
51 creatures vanquished.

Vanquished Creatures (others)
  3 foxfires (D:2)
3 creatures vanquished.

Grand Total: 54 creatures vanquished

Notes
Turn   | Place    | Note
-------+----------+-------------------------------------------
     0 | D:1      | hikkokomori the Gnoll Fire Elementalist began the quest for
                  | the Orb.
     0 | D:1      | Reached XP level 1. HP: 13/13 MP: 6/6
   109 | D:1      | Found Cisuitt's Jewellery Shoppe.
   125 | D:1      | Reached XP level 2. HP: 7/19 MP: 7/7
   195 | D:1      | Found Nipnul's Magic Scroll Shoppe.
   484 | D:1      | Found Anoemu's Jewellery Boutique.
   572 | D:1      | Found Adodeff's Magic Scroll Boutique.
   768 | D:2      | Reached skill level 5 in Spellcasting
   768 | D:2      | Reached XP level 3. HP: 25/25 MP: 7/9
   897 | D:2      | Reached skill level 1 in Invocations
   957 | D:2      | Identified a scroll of acquirement
   957 | D:2      | Acquired the +7 lajatang "Dragon's Tongue" {freeze, rElec
                  | rC- Will++ Int+2}
   961 | D:2      | Reached skill level 1 in Fighting
   961 | D:2      | Reached skill level 1 in Short Blades
   961 | D:2      | Reached skill level 1 in Long Blades
   961 | D:2      | Reached skill level 1 in Axes
   961 | D:2      | Reached skill level 1 in Maces & Flails
   961 | D:2      | Reached skill level 1 in Polearms
   961 | D:2      | Reached skill level 1 in Staves
   961 | D:2      | Reached skill level 1 in Ranged Weapons
   961 | D:2      | Reached skill level 1 in Throwing
   961 | D:2      | Reached skill level 1 in Armour
   961 | D:2      | Reached skill level 1 in Shields
   961 | D:2      | Reached skill level 1 in Unarmed Combat
   961 | D:2      | Reached skill level 1 in Evocations
  1045 | D:2      | Found a shadowy altar of Dithmenos.
  1116 | D:2      | Reached XP level 4. HP: 25/32 MP: 11/11
  2028 | D:3      | Acquired the amulet "Jegomaun" {Reflect Str+3 Dex+4 SH+5}
  2115 | D:3      | Noticed Jessica
  2121 | D:3      | Killed Jessica
  2122 | D:3      | Reached skill level 1 in Hexes
  2122 | D:3      | Reached skill level 1 in Summonings
  2122 | D:3      | Reached skill level 1 in Necromancy
  2122 | D:3      | Reached skill level 1 in Translocations
  2122 | D:3      | Reached skill level 1 in Transmutations
  2122 | D:3      | Reached skill level 1 in Ice Magic
  2122 | D:3      | Reached skill level 1 in Air Magic
  2122 | D:3      | Reached skill level 1 in Earth Magic
  2122 | D:3      | Reached skill level 1 in Poison Magic
  2127 | D:3      | Killed from afar by an orc priest

Illustrated notes

Levels and vault maps discovered:
D:1:      dpeg_arrival_chambers_temple_mockup, layout_basic, serial_shops, shop,
          shop, shop, nicolae_lakefront_shop
D:2:      layout_rooms, basic_altar
D:3:      layout_basic, pf_guarded_unrand_woodcutter, uniq_jessica

Skill      XL: |  1  2  3  4 |
---------------+-------------+-----
Conjurations   | 2 |  2.3
Spellcasting   | 5 |  5.1
Invocations    | 1 |  1.4
Fighting       | 1 |  1.3
Short Blades   | 1 |  1.3
Long Blades    | 1 |  1.3
Axes           | 1 |  1.3
Maces & Flails | 1 |  1.3
Polearms       | 1 |  1.3
Staves         | 1 |  1.3
Ranged Weapons | 1 |  1.3
Throwing       | 1 |  1.3
Armour         | 1 |  1.3
Shields        | 1 |  1.3
Unarmed Combat | 1 |  1.3
Evocations     | 1 |  1.3
Hexes          | 1 |  1.0
Summonings     | 1 |  1.0
Necromancy     | 1 |  1.0
Translocations | 1 |  1.0
Transmutations | 1 |  1.0
Ice Magic      | 1 |  1.0
Air Magic      | 1 |  1.0
Earth Magic    | 1 |  1.0
Poison Magic   | 1 |  1.0
Dodging        | |  4.7
Stealth        | |  4.3
Fire Magic     | |  5.5

Action                   |  1- 3 |  4- 6 || total
-------------------------+-------+-------++-------
Melee: Trident           |   105 |       ||   105
       Punch             |     1 |       ||     1
       Lajatang          |    23 |    35 ||    58
       Bite              |     4 |     2 ||     6
 Cast: Foxfire           |     4 |       ||     4
  Use: Scroll            |     6 |     4 ||    10
 Stab: Sleeping          |     5 |     2 ||     7
Armor: Robe              |     5 |       ||     5
       Ring mail         |    80 |    11 ||    91
Dodge: Dodged            |    81 |    25 ||   106
Block: Other             |       |     2 ||     2

Table legend: (Time is in decaauts)
 A = Elapsed time spent in this place.
 B = Non-inter-level travel time spent in this place.
 C = Inter-level travel time spent in this place.
 D = Time resting spent in this place.
 E = Time spent auto-exploring this place.
 F = Levels seen in this place.
 G = Mean time per level.
                   A        B        C        D        E       F      G
               +--------+--------+--------+--------+--------+-----+--------+
         Total |   2173 |   2107 |     66 |      0 |   1675 |   3 |  724.3 |
       Dungeon |   2173 |   2107 |     66 |      0 |   1675 |   3 |  724.3 |
               +--------+--------+--------+--------+--------+-----+--------+

Top non-repeatable levels by time:
     D:3: 800 daAuts
     D:1: 774 daAuts
     D:2: 599 daAuts
